BSA
BAFFIN ISLAND BEAVERS @ SO CAL BRUINS
10/05/2028
 
TOP OF THE 1ST
Baffin Island Beavers batting - Pitching for So Cal Bruins : RHP Alejandro Méndez
Pitching: RHP Alejandro Méndez
Batting: RHB Tomás Díaz 0-0: Swinging Strike
0-1: Called Strike
0-2: Ball
1-2: Ground out 4-3 (Groundball, 4M)
Batting: LHB Norberto Muñóz 0-0: Called Strike
0-1: Foul Ball, location: 2F
0-2: Foul Ball, location: 2F
0-2: Ball
1-2: SINGLE (Groundball, 4MD)
Batting: LHB Chris Bates 0-0: Foul Ball, location: 2F
0-1: Ball
1-1: Called Strike
1-2: Fly out, F6 (Line Drive, 56D)
Batting: RHB Tony Morton 0-0: Ball
1-0: Called Strike
1-1: Ball
2-1: Foul Ball, location: 2F
2-2: Foul Ball, location: 2F
2-2: Ball
3-2: Strikes out swinging
Top of the 1st over - 0 run(s), 1 hit(s), 0 error(s), 1 left on base; Baffin Island 0 - So Cal 0
BOTTOM OF THE 1ST
So Cal Bruins batting - Pitching for Baffin Island Beavers : RHP Luis Vargas
Pitching: RHP Luis Vargas
Batting: RHB Eugene Gill 0-0: Ball
1-0: Ball
2-0: Ball
3-0: Called Strike
3-1: Base on Balls
Batting: LHB Jeff Carter 0-0: Ball
1-0: Ball
2-0: Foul Ball, location: 2F
2-1: Called Strike
2-2: Strikes out swinging
Batting: RHB Earl Wiggins 0-0: Fly out, F9 (Flyball, 9)
Batting: LHB José Antonio Santiago 0-0: Ball
1-0: Ball
2-0: Swinging Strike
2-1: Ball
3-1: Swinging Strike
3-2: Strikes out swinging
Bottom of the 1st over - 0 run(s), 0 hit(s), 0 error(s), 1 left on base; Baffin Island 0 - So Cal 0
TOP OF THE 2ND
Baffin Island Beavers batting - Pitching for So Cal Bruins : RHP Alejandro Méndez
Batting: SHB Alonso Ferreira 0-0: Ball
1-0: Swinging Strike
1-1: Ball
2-1: SINGLE (Groundball, 6MD)
Batting: RHB Eduardo García 0-0: Ball
1-0: Swinging Strike
1-1: Fly out, F4 (Popup, 4)
Batting: LHB Howard Evans 0-0: Called Strike
0-1: Called Strike
0-2: Ball
1-2: Foul Ball, location: 2F
1-2: Foul Ball, location: 2F
1-2: Ball
2-2: Ball
3-2: Strikes out looking
Batting: RHB Alden Isenhood 0-0: Called Strike
0-1: Foul Ball, location: 2F
0-2: SINGLE (Line Drive, 9S)
Alonso Ferreira to second
Runner from 2nd tries for 3rd, SAFE, throw made to third
Alden Isenhood to second
Batting: LHB Mike MacFadden 0-0: Foul Ball, location: 2F
0-1: Ball
1-1: Fly out, F4 (Line Drive, 4)
Top of the 2nd over - 0 run(s), 2 hit(s), 0 error(s), 2 left on base; Baffin Island 0 - So Cal 0
BOTTOM OF THE 2ND
So Cal Bruins batting - Pitching for Baffin Island Beavers : RHP Luis Vargas
Batting: RHB Rubén Calderón 0-0: Called Strike
0-1: Ball
1-1: Swinging Strike
1-2: Strikes out swinging, 2-3 out at first.
Batting: LHB Kiyonaga Morita 0-0: Called Strike
0-1: Foul Ball, location: 2F
0-2: SINGLE (Line Drive, 4M)
Batting: RHB Lawrence Schroeder 0-0: Called Strike
0-1: Foul Ball, location: 2F
0-2: SINGLE (Groundball, 34D)
Kiyonaga Morita to second
Runner from 2nd tries for 3rd, SAFE, throw made to third
Batting: LHB César Valentín 0-0: Called Strike
0-1: Called Strike
0-2: SINGLE (Flyball, 8LS)
Kiyonaga Morita scores
Lawrence Schroeder to second
Batting: LHB Phil Smith 0-0: Foul Ball, location: 2F
0-1: Ball
1-1: Ball
2-1: Ball
3-1: Base on Balls
Lawrence Schroeder to third
César Valentín to second
Batting: RHB Eugene Gill 0-0: Called Strike
0-1: Hit by Pitch
Lawrence Schroeder scores
César Valentín to third
Phil Smith to second
Pinch Runner at 1st Morgan Gibbon:
Batting: LHB Jeff Carter 0-0: Foul Ball, location: 2F
0-1: Foul Ball, location: 2F
0-2: Ball
1-2: Strikes out swinging
Batting: RHB Earl Wiggins 0-0: SINGLE (Flyball, 78S)
César Valentín scores
Phil Smith to third
Morgan Gibbon to second
Runner from 3rd tries for Home, SAFE, throw made home
Batting: LHB José Antonio Santiago 0-0: Called Strike
0-1: Foul Ball, location: 2F
0-2: Fly out, F7 (Flyball, 78M)
Bottom of the 2nd over - 4 run(s), 4 hit(s), 0 error(s), 2 left on base; Baffin Island 0 - So Cal 4
TOP OF THE 3RD
Baffin Island Beavers batting - Pitching for So Cal Bruins : RHP Alejandro Méndez
Now at SS: Morgan Gibbon
Batting: RHB Tomás Díaz 0-0: Foul Ball, location: 2F
0-1: Swinging Strike
0-2: Foul Ball, location: 2F
0-2: Ball
1-2: SINGLE (Groundball, 56D)
Batting: LHB Norberto Muñóz 0-0: Ball
1-0: Swinging Strike
1-1: Foul Ball, location: 2F
1-2: SINGLE (Groundball, 34D) (infield hit)
Tomás Díaz to second
Batting: LHB Chris Bates 0-0: Grounds into double play, 3-6-1 (Groundball, 34)
Tomás Díaz to third
Batting: RHB Tony Morton 0-0: Ball
1-0: Foul Ball, location: 2F
1-1: Called Strike
1-2: DOUBLE (Line Drive, 9LD)
Tomás Díaz scores
Batting: SHB Alonso Ferreira 0-0: Ball
1-0: Foul Ball, location: 2F
1-1: Foul Ball, location: 2F
1-2: Foul Ball, location: 2F
1-2: Ball
2-2: Strikes out swinging
Top of the 3rd over - 1 run(s), 3 hit(s), 0 error(s), 1 left on base; Baffin Island 1 - So Cal 4
BOTTOM OF THE 3RD
So Cal Bruins batting - Pitching for Baffin Island Beavers : RHP Luis Vargas
Batting: RHB Rubén Calderón 0-0: Ball
1-0: Foul Ball, location: 2F
1-1: Ball
2-1: Swinging Strike
2-2: DOUBLE (Flyball, 78XD)
Batting: LHB Kiyonaga Morita 0-0: Called Strike
0-1: Ball
1-1: Foul Ball, location: 2F
1-2: Fly out, F4 (Popup, 3D)
Batting: RHB Lawrence Schroeder 0-0: Ball
1-0: Ball
2-0: Foul Ball, location: 2F
2-1: Ball
3-1: Fly out, F3 (Popup, 34S)
Batting: LHB César Valentín 0-0: Ball
1-0: Ball
2-0: Fly out, F7 (Flyball, 78S)
Bottom of the 3rd over - 0 run(s), 1 hit(s), 0 error(s), 1 left on base; Baffin Island 1 - So Cal 4
TOP OF THE 4TH
Baffin Island Beavers batting - Pitching for So Cal Bruins : RHP Alejandro Méndez
Batting: RHB Eduardo García 0-0: Ball
1-0: Fly out, F8 (Flyball, 8LXD)
Batting: LHB Howard Evans 0-0: Swinging Strike
0-1: Ball
1-1: Ground out U3 (Groundball, 3)
Batting: RHB Alden Isenhood 0-0: Foul Ball, location: 2F
0-1: Ball
1-1: Swinging Strike
1-2: SINGLE (Line Drive, 89S)
Batting: LHB Mike MacFadden 0-0: Ground out U3 (Groundball, 34S)
Top of the 4th over - 0 run(s), 1 hit(s), 0 error(s), 1 left on base; Baffin Island 1 - So Cal 4
BOTTOM OF THE 4TH
So Cal Bruins batting - Pitching for Baffin Island Beavers : RHP Luis Vargas
Batting: LHB Phil Smith 0-0: Ball
1-0: Ball
2-0: Called Strike
2-1: Foul Ball, location: 2F
2-2: Strikes out swinging
Batting: RHB Morgan Gibbon 0-0: Ball
1-0: Called Strike
1-1: Foul Ball, location: 2F
1-2: Ball
2-2: Foul Ball, location: 2F
2-2: Fly out, F9 (Flyball, 9)
Batting: LHB Jeff Carter 0-0: Swinging Strike
0-1: Ball
1-1: Swinging Strike
1-2: Ball
2-2: Strikes out swinging
Bottom of the 4th over - 0 run(s), 0 hit(s), 0 error(s), 0 left on base; Baffin Island 1 - So Cal 4
TOP OF THE 5TH
Baffin Island Beavers batting - Pitching for So Cal Bruins : RHP Alejandro Méndez
Batting: RHB Tomás Díaz 0-0: Ball
1-0: Called Strike
1-1: Ball
2-1: Ball
3-1: Ground out 4-3 (Groundball, 4)
Batting: LHB Norberto Muñóz 0-0: SINGLE (Groundball, 4MD)
Batting: LHB Chris Bates 0-0: Ball
1-0: Ball
2-0: Called Strike
2-1: Ball
3-1: Called Strike
3-2: Fly out, F7 (Flyball, 78M)
Batting: RHB Tony Morton 0-0: Ball
1-0: Ball
2-0: Called Strike
2-1: Ball
3-1: Foul Ball, location: 2F
3-2: SINGLE (Groundball, 4MD)
Norberto Muñóz to second
Norberto Muñóz to third
Batting: SHB Alonso Ferreira 0-0: Called Strike
0-1: Ball
1-1: Foul Ball, location: 2F
1-2: Ball
2-2: Ball
3-2: Foul Ball, location: 2F
3-2: Ground out U3 (Groundball, 3L)
Top of the 5th over - 0 run(s), 2 hit(s), 0 error(s), 2 left on base; Baffin Island 1 - So Cal 4
BOTTOM OF THE 5TH
So Cal Bruins batting - Pitching for Baffin Island Beavers : RHP Luis Vargas
Batting: RHB Earl Wiggins 0-0: Ground out 5-3 (Groundball, 25)
Batting: LHB José Antonio Santiago 0-0: Called Strike
0-1: Foul Ball, location: 2F
0-2: Ball
1-2: Ball
2-2: DOUBLE (Line Drive, 78D)
Batting: RHB Rubén Calderón 0-0: Ball
1-0: SINGLE (Line Drive, 8LS)
José Antonio Santiago to third
Batting: LHB Kiyonaga Morita 0-0: Ball
1-0: Called Strike
1-1: Fielders Choice at 2nd, 5-4 (Groundball, 5L)
José Antonio Santiago scores
Batting: RHB Lawrence Schroeder 0-0: Ball
1-0: Ball
2-0: Called Strike
2-1: Ball
3-1: Called Strike
3-2: Fly out, F8 (Flyball, 89D)
Bottom of the 5th over - 1 run(s), 2 hit(s), 0 error(s), 1 left on base; Baffin Island 1 - So Cal 5
TOP OF THE 6TH
Baffin Island Beavers batting - Pitching for So Cal Bruins : RHP Alejandro Méndez
Batting: RHB Eduardo García 0-0: Ball
1-0: Ball
2-0: Ball
3-0: Base on Balls
Pitching: RHP Jerry Good
Batting: LHB Howard Evans 0-0: SINGLE (Line Drive, 6MD)
Eduardo García to second
Batting: RHB Alden Isenhood 0-0: Ball
1-0: Foul Ball, location: 2F
1-1: Ball
2-1: Foul Ball, location: 2F
2-2: Fielders Choice at 2nd, 1-6 (Groundball, 13)
Eduardo García to third
Batting: LHB Mike MacFadden 0-0: Ball
1-0: Ball
2-0: Ball
3-0: Called Strike
3-1: Called Strike
3-2: SINGLE (Groundball, 34D)
Eduardo García scores
Alden Isenhood to second
Alden Isenhood to third
Batting: RHB Tomás Díaz 0-0: Ball
1-0: Fly out, F7 (Line Drive, 78M)
Runner from 3rd tags up, SCORES, no throw
Batting: LHB Norberto Muñóz 0-0: Ball
1-0: Ball
2-0: Called Strike
2-1: Foul Ball, location: 2F
2-2: Ball
3-2: Foul Ball, location: 2F
3-2: Fly out, F9 (Flyball, 9D)
Top of the 6th over - 2 run(s), 2 hit(s), 0 error(s), 1 left on base; Baffin Island 3 - So Cal 5
BOTTOM OF THE 6TH
So Cal Bruins batting - Pitching for Baffin Island Beavers : RHP Luis Vargas
Pitching: LHP Tom Miller
Batting: LHB César Valentín 0-0: Ball
1-0: Called Strike
1-1: Foul Ball, location: 2F
1-2: Foul Ball, location: 2F
1-2: Ball
2-2: Fly out, F7 (Flyball, 78S)
Batting: LHB Phil Smith 0-0: Foul Ball, location: 2F
0-1: Fly out, F6 (Flyball, 56D)
Batting: RHB Morgan Gibbon 0-0: Ball
1-0: Ball
2-0: SOLO HOME RUN (Flyball, 8LXD), Distance : 410 ft
Batting: LHB Jeff Carter 0-0: Ball
1-0: Ball
2-0: Called Strike
2-1: Swinging Strike
2-2: Foul Ball, location: 2F
2-2: Strikes out swinging
Bottom of the 6th over - 1 run(s), 1 hit(s), 0 error(s), 0 left on base; Baffin Island 3 - So Cal 6
TOP OF THE 7TH
Baffin Island Beavers batting - Pitching for So Cal Bruins : RHP Jerry Good
Pitching: RHP Masahiko Okada
Batting: LHB Chris Bates 0-0: Ball
1-0: Called Strike
1-1: Ball
2-1: Foul Ball, location: 2F
2-2: Foul Ball, location: 2F
2-2: Ball
3-2: Base on Balls
Batting: RHB Tony Morton 0-0: Ball
1-0: Ball
2-0: Ball
3-0: SINGLE (Line Drive, 6D)
Chris Bates to second
Batting: SHB Alonso Ferreira 0-0: Fly out, F9 (Flyball, 9D)
Runner from 2nd tags up, SAFE at 3rd, no throw
Batting: RHB Eduardo García 0-0: Foul Ball, location: 2F
0-1: Ball
1-1: Called Strike
1-2: Ground out 6-3 (Groundball, 6D)
Chris Bates scores
Tony Morton to second
Pitching: LHP Ramiro Jiménez
Batting: LHB Howard Evans 0-0: Ball
1-0: Ground out 4-3 (Groundball, 34)
Top of the 7th over - 1 run(s), 1 hit(s), 0 error(s), 1 left on base; Baffin Island 4 - So Cal 6
BOTTOM OF THE 7TH
So Cal Bruins batting - Pitching for Baffin Island Beavers : LHP Tom Miller
Batting: RHB Earl Wiggins 0-0: Ball
1-0: Fly out, F4 (Line Drive, 4)
Batting: LHB José Antonio Santiago 0-0: Ball
1-0: Ball
2-0: Called Strike
2-1: DOUBLE (Line Drive, 89M)
Batting: RHB Rubén Calderón 0-0: Intentional Walk
Batting: LHB Kiyonaga Morita 0-0: Ball
1-0: Called Strike
1-1: Swinging Strike
1-2: Ball
2-2: Ball
3-2: Fly out, F6 (Line Drive, 6)
Batting: RHB Lawrence Schroeder 0-0: Called Strike
0-1: Ground out 3-1 (Groundball, 34)
Bottom of the 7th over - 0 run(s), 1 hit(s), 0 error(s), 2 left on base; Baffin Island 4 - So Cal 6
TOP OF THE 8TH
Baffin Island Beavers batting - Pitching for So Cal Bruins : LHP Ramiro Jiménez
Batting: RHB Alden Isenhood 0-0: Foul Ball, location: 2F
0-1: Ball
1-1: Foul Ball, location: 2F
1-2: DOUBLE (Line Drive, 8LD)
Pitching: RHP Kitahachi Okada
Batting: LHB Mike MacFadden 0-0: SINGLE (Groundball, 4D)
Alden Isenhood to third
Runner from 3rd tries for Home, SAFE, no throw
Pinch Hitting: SHB Ron Edwards 0-0: Ball
1-0: Ball
2-0: Called Strike
2-1: Foul Ball, location: 2F
2-2: Strikes out swinging
Pitching: LHP Juan Fuentes
Batting: LHB Norberto Muñóz 0-0: Ball
1-0: Ball
2-0: Ball
3-0: Fly out, F1 (Line Drive, 13S)
Batting: LHB Chris Bates 0-0: Fielders Choice at 2nd, 6-4 (Groundball, 6)
Top of the 8th over - 1 run(s), 2 hit(s), 0 error(s), 0 left on base; Baffin Island 5 - So Cal 6
BOTTOM OF THE 8TH
So Cal Bruins batting - Pitching for Baffin Island Beavers : LHP Tom Miller
Now at 1B: Ron Edwards
Batting: LHB César Valentín 0-0: Fly out, F9 (Flyball, 9S)
Batting: LHB Phil Smith 0-0: Called Strike
0-1: Ball
1-1: Ball
2-1: Ball
3-1: Base on Balls
Batting: RHB Morgan Gibbon 0-0: Swinging Strike
0-1: Foul Ball, location: 2F
0-2: Strikes out swinging
Pinch Hitting: RHB Juan Valverde 0-0: Called Strike
0-1: Ball
1-1: Ground out 1-3 (Groundball, 15)
Bottom of the 8th over - 0 run(s), 0 hit(s), 0 error(s), 1 left on base; Baffin Island 5 - So Cal 6
TOP OF THE 9TH
Baffin Island Beavers batting - Pitching for So Cal Bruins : LHP Juan Fuentes
Pitching: RHP Marty Burgess
Now at 2B: Gerardo Escobedo
Batting: RHB Tony Morton 0-0: Fly out, F9 (Flyball, 89S)
Batting: SHB Alonso Ferreira 0-0: Foul Ball, location: 2F
0-1: Ball
1-1: Called Strike
1-2: Fly out, F9 (Flyball, 9LM)
Batting: RHB Eduardo García 0-0: Ball
1-0: Foul Ball, location: 2F
1-1: Ground out 3-1 (Groundball, 34)
Top of the 9th over - 0 run(s), 0 hit(s), 0 error(s), 0 left on base; Baffin Island 5 - So Cal 6
Tuesday, August 8th, 2017 - OOTP Baseball 17.12 Build 75